 Dungeon Crawl Stone Soup version 0.30-a0-359-gd0147acb1a (webtiles) character file.

Game seed: 9969494524627223696

1531 pokeman the Thaumaturge (level 8, -2/43 (44) HPs)
             Began as a Deep Elf Hedge Wizard on Nov 11, 2022.
             Slain by a wight
             ... wielding a +0 battleaxe
              (10 damage)
             ... on level 6 of the Dungeon.
             The game lasted 00:14:36 (6824 turns).

pokeman the Thaumaturge (Deep Elf Hedge Wizard)     Turns: 6824, Time: 00:14:36

HP:   -2/43 (44)    AC:  6    Str: 19    XL:     8   Next: 55%
MP:   13/24         EV: 12    Int: 22    God:
Gold: 278           SH:  0    Dex: 14    Spells: 19/27 levels left

rFire   . . .      SeeInvis .    k - +1 dagger (venom)
rCold   + . .      Faith    .    (no shield)
rNeg    . . .      Spirit   .    r - +1 leather armour {rC+}
rPois   .          Reflect  .    q - +0 helmet
rElec   .          Harm     .    (no cloak)
rCorr   .          Rampage  .    t - +0 pair of gloves
Will    .....                    (no boots)
Stlth   ++........               (no amulet)
HPRegen 0.27/turn                o - +6 ring of strength
MPRegen 0.19/turn                v - +6 ring of strength

@: lightly drained
A: no striking features
a: no special abilities


You were on level 6 of the Dungeon.
You visited 1 branch of the dungeon, and saw 6 of its levels.

You collected 278 gold pieces.

Inventory:

Hand Weapons
 k - a +1 dagger of venom (weapon)
 y - a +0 shortbow
Armour
 q - a +0 helmet (worn)
 r - a +1 leather armour of cold resistance (worn)
 t - a +0 pair of gloves (worn)
Magical Staves
 i - a staff of air
Jewellery
 o - a +6 ring of strength (left hand)
 u - a ring of see invisible
 v - a +6 ring of strength (right hand)
Wands
 s - a wand of flame (16)
Scrolls
 b - 3 scrolls of enchant armour {unknown}
 e - 2 scrolls of vulnerability {unknown}
 f - a scroll of noise {unknown}
 h - a scroll of fog {unknown}
 j - a scroll of enchant weapon {unknown}
 l - 9 scrolls of identify {unknown}
 m - 2 scrolls of fear {unknown}
 w - a scroll of amnesia {unknown}
 x - a scroll of teleportation {unknown}
Potions
 a - 2 potions of heal wounds
 c - a potion of haste
 d - a potion of magic
 g - 4 potions of curing
 n - 3 potions of might {unknown}
 p - 3 potions of attraction {unknown}
 z - a potion of invisibility {unknown}
 A - a potion of berserk rage {unknown}


   Skills:
 + Level 2.1 Fighting
 - Level 3.0 Armour
 - Level 3.0 Dodging
 - Level 3.0 Stealth
 * Level 10.4 Spellcasting
 + Level 5.5 Conjurations
 - Level 1.1 Summonings
 - Level 1.1 Translocations
 - Level 1.1 Air Magic
 - Level 2.0 Poison Magic
 - Level 1.0 Evocations


You had 19 spell levels left.
You knew the following spells:

 Your Spells              Type           Power      Damage    Failure   Level
a - Magic Dart            Conj           100%       1d8       1%          1
b - Mephitic Cloud        Conj/Pois/Air  24%        N/A       6%          3
c - Call Imp              Summ           16%        N/A       7%          2
d - Blink                 Tloc           32%        N/A       7%          2

Your spell library contained the following spells:

 Spells                   Type           Power      Damage    Failure   Level
 Beastly Appendage        Tmut           22%        N/A       7%          1
 Slow                     Hex            44%        N/A       7%          1
 Cigotuvi's Dreadful Rot  Necr/Pois/Air  32%        N/A       7%          2
 Dazzling Flash           Conj/Hex       46%        N/A       7%          3
 Wereblood                Tmut           11%        N/A       11%         2
 Spider Form              Tmut/Pois      15%        N/A       14%         3
 Ozocubu's Armour         Ice            11%        N/A       21%         3
 Silence                  Hex/Air        6%         N/A       83%         5
 Agony                    Necr           11%        N/A       88%         5
 Metabolic Englaciation   Hex/Ice        5%         N/A       88%         5
 Simulacrum               Ice/Necr       5%         N/A       100%        6


Dungeon Overview and Level Annotations

Branches:
Dungeon (6/15)
 Temple: D:4-7

Altars:
Hepliaklqana
Makhleb
Uskayaw


Message History

The wight hits you with a +3 great sword!
* * * LOW HITPOINT WARNING * * *
You feel drained.
* * * LOW HITPOINT WARNING * * *
Casting: Magic Dart (safe; 1% risk of failure)
Confirm with . or Enter, or press ? or * to list all spells.
Aiming: Magic Dart (safe; 1% risk of failure)
Press: ? - help, Shift-Dir - straight line, f/p - wight
Aim: a wight, wielding a +3 great sword and wearing a +0 robe (almost destroyed, 100% to hit)
The magic dart hits the wight but does no damage.
The wight is almost destroyed.
The wight closely misses you.
You feel stable enough to blink again.
Casting: Magic Dart (safe; 1% risk of failure)
Confirm with . or Enter, or press ? or * to list all spells.
You blink.
Casting: Blink (safe; 7% risk of failure)
Confirm with . or Enter, or press ? or * to list all spells.
Aiming: Magic Dart (safe; 1% risk of failure)
Press: ? - help, Shift-Dir - straight line, f/p - wight
Aim: a wight, wielding a +3 great sword and wearing a +0 robe (almost destroyed, 100% to hit)
The magic dart hits the wight.
The wight is almost destroyed.
A wight comes into view. It is wielding a +0 battleaxe.
Casting: Magic Dart (safe; 1% risk of failure)
Confirm with . or Enter, or press ? or * to list all spells.
Aiming: Magic Dart (safe; 1% risk of failure)
Press: ? - help, Shift-Dir - straight line, f/p - wight
Aim: a wight, wielding a +3 great sword and wearing a +0 robe (almost destroyed, 100% to hit)
The magic dart hits the wight.
You destroy the wight!
Your life force feels restored.
You feel stable enough to blink again.
A wight comes into view. It is wielding a +0 battleaxe.
The wight hits you with a +0 battleaxe.
* * * LOW HITPOINT WARNING * * *
You feel drained.
Unknown command.
The wight attacks as you move away! The wight hits you with a +0 battleaxe!
You die...

.###..#...######..####..##..####.
.#.....<............$............
.#..........>...........)........
###..##..........................
.##..##.................##..###'#
....†##..##.##.##.###...##..## .
.....######.#####.########...#
.######....z.................# .#
#.........@....z.......# .#
#..........z...........# .#
#......................# .#
#..##..#####.#########.#### .
#..##..###..(... #.##..
#####.............8......#.....
##..##...........8...8....+.....
#...#.....................#.....
#...##..######..8.....8..#######


You could see 3 wights.

Vanquished Creatures
  A water moccasin (D:6)
  An ogre (D:5)
  A centaur (D:6)
  A necrophage (D:5)
  2 bullfrogs
  2 scorpions
  2 wights
  A gnoll bouda (D:4)
  5 hounds
  An orc priest (D:4)
  4 jellies
  5 iguanas
  2 orc wizards
  12 gnolls
  7 adders
  A white imp (D:5)
  5 worms
  17 orcs
  9 ball pythons
  3 bats
  4 endoplasms
  2 giant cockroaches
  11 goblins
  7 hobgoblins
  3 jackals (D:3)
  7 kobolds
  5 quokkas
  A frilled lizard (D:3)
  A rat (D:3)
  A spectral kobold (D:4)
124 creatures vanquished.

Vanquished Creatures (collateral kills)
  A gnoll (D:3)
  An ufetubus (D:3)
  An orc (D:3)
3 creatures vanquished.

Grand Total: 127 creatures vanquished

Notes
Turn   | Place    | Note
-------+----------+-------------------------------------------
     0 | D:1      | pokeman the Deep Elf Hedge Wizard began the quest for the
                  | Orb.
     0 | D:1      | Reached XP level 1. HP: 10/10 MP: 7/7
   354 | D:1      | Reached XP level 2. HP: 15/15 MP: 1/9
  1053 | D:2      | Reached skill level 5 in Spellcasting
  1357 | D:2      | Reached XP level 3. HP: 20/20 MP: 3/11
  1537 | D:1      | Learned a level 3 spell: Mephitic Cloud
  1540 | D:1      | Learned a level 2 spell: Call Imp
  1543 | D:1      | Learned a level 2 spell: Blink
  1933 | D:2      | You fall into a shaft and drop 2 floors!
  1945 | D:3      | Reached skill level 1 in Fighting
  1945 | D:3      | Reached skill level 1 in Armour
  1963 | D:3      | Reached XP level 4. HP: 15/25 MP: 2/13
  3285 | D:3      | Reached skill level 6 in Spellcasting
  3515 | D:3      | Reached XP level 5. HP: 29/29 MP: 9/15
  4286 | D:4      | Found a hazy altar of Hepliaklqana.
  4458 | D:4      | Reached skill level 1 in Air Magic
  4458 | D:4      | Reached skill level 1 in Evocations
  4535 | D:4      | Reached XP level 6. HP: 10/34 MP: 5/17
  4668 | D:4      | Reached skill level 7 in Spellcasting
  4668 | D:4      | Reached skill level 1 in Poison Magic
  5051 | D:5      | Entered Level 5 of the Dungeon
  5263 | D:4      | Reached XP level 7. HP: 34/39 MP: 16/20
  5321 | D:5      | Reached skill level 8 in Spellcasting
  5645 | D:5      | Found a burning altar of Makhleb.
  6059 | D:5      | Reached skill level 9 in Spellcasting
  6126 | D:6      | Reached XP level 8. HP: 37/44 MP: 15/23
  6422 | D:6      | Reached skill level 5 in Conjurations
  6542 | D:5      | Reached skill level 10 in Spellcasting
  6606 | D:6      | Found a hide-covered altar of Uskayaw.
  6824 | D:6      | Slain by a wight

Illustrated notes

Levels and vault maps discovered:
D:1:      lightli_arrival_maybe_door_vault, layout_loops_ring
D:2:      layout_basic, nrook_loot_triangle, minmay_goblin_kobold_house
D:3:      layout_basic, minmay_misc_feat_hallway,
          minmay_randomly_rotated_circles
D:4:      cheibrodos_pilgrimage, layout_rooms,
          nicolae_hepliaklqana_monster_ancestors
D:5:      layout_rooms, makhleb_heckhound_becter,
          chequers_serial_rivers_micro_c, st_stairs_14
D:6:      layout_gridville, nicolae_uskayaw_dance_hall,
          amethyst_overflow_temple_binary, minmay_temple_entry_enclosed_plants,
          grunt_ministairs_13

Skill      XL: |  1  2  3  4  5  6  7  8 |
---------------+-------------------------+-----
Spellcasting   | 5 6 7 9 10 | 10.4
Fighting       | 1 2 |  2.1
Armour         | 1 2 3 |  3.0
Conjurations   | 2 3 4 5 |  5.5
Stealth        | 3 |  3.0
Dodging        | 3 |  3.0
Air Magic      | 1 |  1.1
Evocations     | 1 |  1.0
Poison Magic   | 2 |  2.0
Summonings     | |  1.1
Translocations | |  1.1

Action                   |  1- 3 |  4- 6 |  7- 9 || total
-------------------------+-------+-------+-------++-------
Melee: Staff             |    11 |       |       ||    11
       Dagger            |     5 |   101 |    41 ||   147
       Punch             |       |     1 |       ||     1
 Cast: Magic Dart        |    81 |   133 |   134 ||   348
       Mephitic Cloud    |     4 |    14 |    13 ||    31
       Call Imp          |     1 |     1 |     3 ||     5
       Blink             |       |       |     5 ||     5
 Stab: Confused          |     3 |     4 |     8 ||    15
Armor: Leather armour    |     5 |    30 |     8 ||    43
Dodge: Dodged            |    22 |    67 |    49 ||   138

Table legend: (Time is in decaauts)
 A = Elapsed time spent in this place.
 B = Non-inter-level travel time spent in this place.
 C = Inter-level travel time spent in this place.
 D = Time resting spent in this place.
 E = Time spent auto-exploring this place.
 F = Levels seen in this place.
 G = Mean time per level.
                   A        B        C        D        E       F      G
               +--------+--------+--------+--------+--------+-----+--------+
         Total |   6832 |   6481 |    351 |    866 |   4503 |   6 | 1138.7 |
       Dungeon |   6832 |   6481 |    351 |    866 |   4503 |   6 | 1138.7 |
               +--------+--------+--------+--------+--------+-----+--------+

Top non-repeatable levels by time:
     D:2: 1351 daAuts
     D:3: 1339 daAuts
     D:1: 1335 daAuts
     D:4: 1259 daAuts
     D:5: 821 daAuts
     D:6: 725 daAuts
